 Dungeon Crawl Stone Soup version 0.26-a0-1184-g95e395e029 (webtiles) character file.

Game seed: 15440104341262732015

46 sokol815 the Chiller (level 3, 0/21 HPs)
             Began as an Octopode Ice Elementalist on Dec 27, 2020.
             Succumbed to an adder's poison
             ... on level 2 of the Dungeon.
             The game lasted 00:03:27 (1689 turns).

sokol815 the Chiller (Octopode Ice Elementalist)    Turns: 1689, Time: 00:03:27

Health: 0/21       AC:  1    Str:  4 (7)  XL:     3   Next: 68%
Magic:  6/6        EV: 13    Int: 15 (18) God:
Gold:   59         SH:  0    Dex: 10 (12) Spells: 5/6 levels left

rFire    . . .     SeeInvis .   a - +0 dagger
rCold    . . .     Faith    .   (no shield)
rNeg     . . .     Spirit   .   (helmet restricted)
rPois    .         Reflect  .   (no amulet)
rElec    .         Harm     .   (no ring)
rCorr    .         Rampage  .   (no ring)
Will     .....                  (no ring)
Stlth    +++.......             (no ring)
HPRegen  0.07/turn              (no ring)
MPRegen  0.10/turn              (no ring)
                                (no ring)
                                (no ring)

@: lethally poisoned (0 -> -2), flying
A: almost no armour, stealthy swim, amphibious, 8 rings, constrict 8, camouflage
1, gelatinous body 1
a: no special abilities


You were on level 2 of the Dungeon.
You visited 1 branch of the dungeon, and saw 2 of its levels.

You collected 59 gold pieces.

Inventory:

Hand Weapons
 a - a +0 dagger (weapon)
   (You took it off a kobold on level 1 of the Dungeon)
 e - a +0 club
   (You took it off a hobgoblin on level 1 of the Dungeon)
Missiles
 b - 60 stones
 g - 8 boomerangs (quivered)
 i - 27 poisoned darts
Jewellery
 c - an uncursed ring of fire {rF+, rC-}
   (You found it on level 1 of the Dungeon)
Scrolls
 f - a scroll of fear {unknown}
 h - a scroll of teleportation {unknown}
 j - a scroll of remove curse {unknown}
 k - a scroll of identify {unknown}


   Skills:
 + Level 0.6 Short Blades
 + Level 2.6 Dodging
 + Level 3.6 Stealth
 - Level 2.0 Spellcasting
 * Level 4.5 Ice Magic


You had 5 spell levels left.
You knew the following spells:

 Your Spells              Type           Power        Failure   Level
a - Freeze                Ice            60%          3%          1

Your spell library contained the following spells:

 Spells                   Type           Power        Failure   Level
 Frozen Ramparts          Ice            30%          11%         3
 Ozocubu's Armour         Ice            15%          11%         3
 Hailstorm                Conj/Ice       8%           65%         4
 Summon Ice Beast         Ice/Summ       8%           65%         4


Dungeon Overview and Level Annotations

Branches:
Dungeon (2/15)

Altars:


Innate Abilities, Weirdness & Mutations

You cannot wear most types of armour.
You are very stealthy in the water. (Stealth+)
You are amphibious.
You can wear up to eight rings at the same time.
You can use your tentacles to constrict eight enemies at once.
Your skin changes colour to match your surroundings (Stealth+).
Your rubbery body absorbs attacks. (AC +1, EV +1)


Message History

No target in view!
Done exploring.
No target in view!
Done exploring.
(D) Dungeon
Where to? (? - help)
There is a stone staircase leading down here.
You climb downwards.
There is a stone staircase leading up here.
Found an escape hatch in the ceiling.
There is an escape hatch in the ceiling here.
You see here a club.
Found a stone staircase leading up.
b - 60 stones (gained 24)
l - a sedimented emerald potion
Found an escape hatch in the floor.
No target in view!
A hobgoblin comes into view. It is wielding a +0 club.
You throw a boomerang. The hobgoblin shouts!
The boomerang hits the hobgoblin.
The hobgoblin throws a stone.
The stone misses you.
An adder comes into view.
The hobgoblin throws a stone.
The stone misses you.
You throw a boomerang. The adder hisses angrily.
The boomerang hits the hobgoblin.
You kill the hobgoblin!
You throw a boomerang. The boomerang closely misses the adder.
You throw a boomerang.
The boomerang hits the adder but does no damage.
You throw a boomerang. The boomerang misses the adder.
The adder bites you.
You are poisoned.
The adder poisons you!
You take 1 damage, and have 20/21 hp.
Aim: an adder You freeze the adder.
The adder seems to slow down.
You feel sick. The adder bites you but does no damage.
You take 1 damage, and have 19/21 hp.
You now have 5/6 mp.
You hit the adder but do no damage. Your grab misses the adder.
The adder barely misses you.
You closely miss the adder. You grab the adder. You constrict the adder.
You feel sick. The adder bites you.
You are more poisoned.
The adder poisons you!
You take 4 damage, and have 15/21 hp.
Aim: an adder (heavily wounded, constricted by you, slow)
You freeze the adder. You constrict the adder. The adder bites you.
You are lethally poisoned!
The adder poisons you!
You take 1 damage, and have 14/21 hp.
You now have 4/6 mp.
Aim: an adder (severely wounded, constricted by you, slow)
You freeze the adder.
You kill the adder!
You feel sick.
You take 1 damage, and have 13/21 hp.
You now have 3/6 mp.
It was a potion of degeneration.
There was something very wrong with that liquid.
You feel weakened.
You feel dopey.
You feel clumsy.
You feel sick.
You take 2 damage, and have 11/21 hp.
It was a potion of flight.
You feel very buoyant.
You fly up into the air.
You feel sick.
You take 1 damage, and have 10/21 hp.
You feel sick.
You take 1 damage, and have 9/21 hp.
You feel sick.
You take 1 damage, and have 8/21 hp.
You feel sick.
You take 1 damage, and have 7/21 hp.
* * * LOW HITPOINT WARNING * * *
You feel sick.
You take 1 damage, and have 6/21 hp.
* * * LOW HITPOINT WARNING * * *
You feel sick.
* * * LOW HITPOINT WARNING * * *
You feel sick.
You take 1 damage, and have 5/21 hp.
* * * LOW HITPOINT WARNING * * *
You feel sick.
You take 1 damage, and have 4/21 hp.
* * * LOW HITPOINT WARNING * * *
You feel sick.
You take 1 damage, and have 3/21 hp.
* * * LOW HITPOINT WARNING * * *
You feel sick.
You take 1 damage, and have 2/21 hp.
* * * LOW HITPOINT WARNING * * *
You feel sick.
You take 1 damage, and have 1/21 hp.
An adder comes into view.
Found a stone staircase leading up.
* * * LOW HITPOINT WARNING * * *
You feel sick.
You take 1 damage, and have 1/21 hp.
MP restored: 6 You die...

#.#..# #.#..#
#.#..# ##
###.#..####...
#........?...?
#.#...........
#.####.###..#.
#.# #.# # #.#
#@# #.# #...#
#.# ###.# #.#
.# #.# #.# #
#.# #.#.#
#.######.#.#.
..
#....).......
..#.
#####.##.###
#.#.#


There were no monsters in sight!

Vanquished Creatures
  An adder (D:2)
  2 leopard geckos (D:1)
  2 bats (D:1)
  A giant cockroach (D:1)
  2 goblins (D:1)
  7 hobgoblins
  4 jackals (D:1)
  7 kobolds (D:1)
  5 rats (D:1)
31 creatures vanquished.

Notes
Turn   | Place    | Note
-------+----------+-------------------------------------------
     0 | D:1      | sokol815 the Octopode Ice Elementalist began the quest for
                  | the Orb.
     0 | D:1      | Reached XP level 1. HP: 11/11 MP: 3/3
   259 | D:1      | Reached skill level 3 in Stealth
   335 | D:1      | Reached XP level 2. HP: 17/17 MP: 5/5
   960 | D:1      | Reached XP level 3. HP: 11/21 MP: 4/6
  1671 | D:2      | HP: 5/21 [poisoned by an adder]
  1677 | D:2      | HP: 2/21 [poisoned by an adder]
  1685 | D:2      | HP: 1/21 [poisoned by an adder]
  1689 | D:2      | Succumbed to an adder's poison

Illustrated notes

Levels and vault maps discovered:
D:1:      sevenhm_arrival_forest_fort_large_4, layout_rooms, kennysheep_doodads,
          minmay_pentomino_o2
D:2:      layout_loops_ring, tgw_kikubaaqudgha, uniq_natasha

Skill      XL: |  1 |
---------------+----+-----
Stealth        | 3 |  3.6
Short Blades   | |  0.6
Dodging        | |  2.6
Spellcasting   | |  2.0
Ice Magic      | |  4.5

Action                   || total
-------------------------++-------
Melee: Club              ||    19
       Constrict         ||    13
       Tentacles         ||     6
       Unarmed           ||     1
       Dagger            ||    32
Throw: Stone             ||    41
       Boomerang         ||    16
 Cast: Freeze            ||    14
  Use: Potion            ||     2
Armor: Skin              ||     5
Dodge: Dodged            ||    42

Table legend: (Time is in decaauts)
 A = Elapsed time spent in this place.
 B = Non-inter-level travel time spent in this place.
 C = Inter-level travel time spent in this place.
 D = Time resting spent in this place.
 E = Time spent auto-exploring this place.
 F = Levels seen in this place.
 G = Mean time per level.
                   A        B        C        D        E       F      G
               +--------+--------+--------+--------+--------+-----+--------+
         Total |   1701 |   1686 |     15 |    616 |    822 |   2 |  850.5 |
       Dungeon |   1701 |   1686 |     15 |    616 |    822 |   2 |  850.5 |
               +--------+--------+--------+--------+--------+-----+--------+

Top non-repeatable levels by time:
     D:1: 1604 daAuts
     D:2: 97 daAuts

Table legend:
 A = Kills in this place as a percentage of kills in entire the game.
 B = Kills by you in this place as a percentage of kills by you in the entire game.
 C = Kills by friends in this place as a percentage of kills by friends in the entire game.
 D = Other kills in this place as a percentage of other kills in the entire game.
 E = Experience gained in this place as a percentage of experience gained in the entire game.
 F = Experience gained in this place divided by the number of levels of this place that you have seen.
                   A       B       C       D       E      F
               +-------+-------+-------+-------+-------+----------------------
         Total | 100.0 | 100.0 |   N/A |   N/A | 100.0 |  33.5
       Dungeon | 100.0 | 100.0 |   N/A |   N/A | 100.0 |  33.5
               +-------+-------+-------+-------+-------+----------------------
